 Dungeon Crawl Stone Soup version 0.17.2 (webtiles) character file.

15 Charly the Insei (level 2, 0/14 HPs)
             Began as a Vine Stalker Transmuter on July 13, 2016.
             Was an Initiate of Cheibriados.
             Succumbed to an adder's poison
             ... on level 4 of the Dungeon.
             The game lasted 00:03:31 (178 turns).

Charly the Insei (Vine Stalker Transmuter)           Turns: 178, Time: 00:03:31

Health: 0/14       AC:  2    Str: 13    XL:     2   Next: 50%
Magic:  1/6        EV: 12    Int: 14    God:    Cheibriados [......]
Gold:   39         SH:  0    Dex: 15    Spells: 2 memorised, 2 levels left

rFire  . . .     SeeInvis .       - Unarmed
rCold  . . .     Clarity  .     b - +0 robe
rNeg   . . .     SustAt   .     (no shield)
rPois  .         Gourm    .     (no helmet)
rElec  .         Spirit   +     (no cloak)
rCorr  .         Warding  .     (no gloves)
rMut   .         Stasis   .     (no boots)
MR     .....                    (no amulet)
Stlth  +.........               (no ring)
                                (no ring)

@: lethally poisoned (0 -> -3), very slow, not resistant to hostile
enchantments, very unstealthy
A: fangs 2, regeneration 1, magic shield, antimagic bite, no device heal 3, rot
immunity
a: Bend Time, Renounce Religion


You were on level 4 of the Dungeon.
You worshipped Cheibriados.
Cheibriados was noncommittal.
You were not hungry.

You visited 1 branch of the dungeon, and saw 4 of its levels.

You collected 39 gold pieces.

Inventory:

Missiles
 a - 35 arrows
Armour
 b - a +0 robe (worn)
Scrolls
 e - a scroll of identify {unknown}
 f - a scroll of remove curse {unknown}
Books
 c - a book of Changes

   Spells                             Type                      Level
   a - Beastly Appendage              Transmutation                1
   b - Sticks to Snakes               Transmutation                2
   c - Spider Form                    Transmutation/Poison         3
   d - Ice Form                       Ice/Transmutation            4
   e - Blade Hands                    Transmutation                5
Comestibles
 d - 2 bread rations


   Skills:
 - Level 0.8 Fighting
 - Level 1.5 Dodging
 + Level 3.4 Unarmed Combat
 - Level 2.1 Spellcasting
 + Level 2.4 Transmutations


You had 2 spell levels left.
You knew the following spells:

 Your Spells              Type           Power        Failure   Level  Hunger
a - Beastly Appendage     Trmt           #.....       10%         1    #......
s - Sticks to Snakes      Trmt           #.........   14%         2    ###....


Dungeon Overview and Level Annotations

Branches:
Dungeon (4/15)
 Temple: D:4-7

Altars:
Ashenzari
Cheibriados


Innate Abilities, Weirdness & Mutations

You have extremely sharp teeth.
Your natural rate of healing is unusually fast.
When hurt, damage is shared between your health and your magic reserves.
Your bite disrupts and absorbs the magic of your enemies.
Potions and wands cannot restore your health.
You are immune to rotting.


Message History

The adder is heavily wounded.
You feel sick. The adder bites you.
You closely miss the adder. Your punch misses the adder.
The adder is heavily wounded.
Your ball python bites the adder.
Your ball python grabs the adder.
Your ball python constricts the adder.
The adder barely misses you.
You hit the adder.
The adder is almost dead.
You feel sick. The adder bites you.
* * * LOW HITPOINT WARNING * * *
You are lethally poisoned!
The adder poisons you!
Your ball python bites the adder.
Your ball python constricts the adder.
The adder dies!
Cheibriados appreciates the change of pace.
You aren't carrying any potions.
* * * LOW HITPOINT WARNING * * *
You feel sick.
You see here a giant newt corpse.
You die...

#######
###.....#
.......##
#......
#.....######.#
#.....@......#
#...S†########
#...<.#
#.....#
####.#..
#.###.. #..
... #.. .. ...
.


You could see a friendly ball python.

Vanquished Creatures
  A hobgoblin (D:2)
  3 jackals (D:1)
  A giant newt (D:1)
  A rat (D:2)
6 creatures vanquished.

Vanquished Creatures (collateral kills)
  An adder (D:4)
  A giant newt (D:4)
2 creatures vanquished.

Grand Total: 8 creatures vanquished

Notes
Turn   | Place    | Note
--------------------------------------------------------------
     0 | D:1      | Charly the Vine Stalker Transmuter began the quest for the Orb.
     0 | D:1      | Reached XP level 1. HP: 9/9 MP: 4/4
    62 | D:2      | Found a shattered altar of Ashenzari.
    69 | D:2      | Found a snail-covered altar of Cheibriados.
    79 | D:2      | Became a worshipper of Cheibriados the Contemplative
   127 | D:1      | Reached XP level 2. HP: 12/14 MP: 6/6
   131 | D:1      | Learned a level 2 spell: Sticks to Snakes
   178 | D:4      | Succumbed to an adder's poison

Action                   || total
-------------------------++-------
Melee: Unarmed           ||    22
 Cast: Beastly Appendage ||     1
       Sticks to Snakes  ||     1
  Eat: Pizza             ||     1
